 Dungeon Crawl Stone Soup version 0.16-a0-2702-gfff482a (console) character file.

6224 Fusha the Grappler (level 10, -4/98 HPs)
             Began as a Troll Gladiator on Nov 25, 2014.
             Was a Believer of Ru.
             Slain by an orc warrior
             ... wielding a +0 halberd
              (17 damage)
             ... on level 10 of the Dungeon.
             The game lasted 00:46:13 (9338 turns).

Fusha the Grappler (Troll Gladiator)                Turns: 9338, Time: 00:46:14

Health: -4/98      AC:  9    Str: 26    XL:     10   Next: 61%
Magic:  4/4        EV: 12    Int:  2    God:    Ru [**....]
Gold:   425        SH:  0    Dex: 10    Spells: 0 memorised, 9 levels left

rFire  + . .     SeeInvis .       - Unarmed
rCold  . . .     Clarity  .     y - +1 robe {MR+}
rNeg   . . .     SustAb   .     (shield restricted)
rPois  .         Gourm    +     c - +0 hat
rElec  .         Spirit   .     n - +2 cloak
rCorr  .         Warding  .     (gloves unavailable)
rMut   .         Stasis   .     (boots unavailable)
MR     +....                    (no amulet)
Stlth  +.........               I - ring of fire
                                k - ring of protection from cold

@: somewhat resistant to hostile enchantments, very unstealthy
A: unfitting armour, claws 3, dopey 1, fast metabolism 3, gourmand, regeneration
2, shaggy fur 1, tough skin 2, weak 1, inability to train armour, disrupted
magic 1
a: Renounce Religion


You were on level 10 of the Dungeon.
You worshipped Ru.
Ru was pleased with you.
You were not hungry.

You visited 1 branch of the dungeon, and saw 10 of its levels.

You collected 554 gold pieces.
You spent 129 gold pieces at shops.

Inventory:

Hand weapons
 h - a +4 whip
Missiles
 d - 3 throwing nets (quivered)
 f - 193 stones
 l - 6 large rocks
 F - 10 arrows
 L - 3 tomahawks
Armour
 b - a +0 animal skin
 c - a +0 hat (worn)
 n - a +2 cloak (worn)
 y - a +1 robe of magic resistance (worn)
Jewellery
 k - a ring of protection from cold (left claw)
 I - a ring of fire (right claw)
Magical devices
 M - a wand of slowing (18)
 N - a wand of magic darts (0)
 T - a wand of random effects (23)
 V - a wand of confusion (28)
Scrolls
 e - 5 scrolls of teleportation {unknown}
 g - a scroll of fog {unknown}
 j - 5 scrolls of remove curse {unknown}
 m - 8 scrolls of enchant weapon {unknown}
 o - a scroll of immolation {unknown}
 r - 2 scrolls of recharging {unknown}
 t - 4 scrolls of random uselessness {unknown}
 w - 2 scrolls of enchant armour {unknown}
 C - 3 scrolls of amnesia {unknown}
 D - 4 scrolls of blinking {unknown}
 S - a scroll of fear {unknown}
 U - a scroll of holy word {unknown}
 X - a scroll of magic mapping {unknown}
Potions
 i - a potion of invisibility
 p - a potion of curing
 q - a potion of flight
 u - 2 potions of poison
 v - a potion of degeneration
 x - a potion of brilliance
 z - a potion of restore abilities
 A - 2 potions of confusion
 B - 2 potions of cancellation
 E - a potion of mutation {unknown}
 G - a potion of magic {unknown}
 P - a potion of resistance {unknown}
 R - a potion of might {unknown}
 W - a potion of haste {unknown}
Miscellaneous
 Q - a stone of tremors
Comestibles
 a - 8 meat rations
 s - 4 bread rations
 J - 2 beef jerkies
 K - 7 slices of pizza
 O - 6 fruits


   Skills:
 + Level 6.0 Fighting
 + Level 7.0 Throwing
 + Level 6.3 Dodging
 * Level 10.8 Unarmed Combat


You had 9 spell levels left.
You didn't know any spells.

Dungeon Overview and Level Annotations

Branches:
Dungeon (10/15)            Temple (0/1) D:5
   Lair: D:8-11         Orc: D:9-12

Altars:
Elyvilon
Makhleb
Nemelex Xobeh
Okawaru
Qazlal
Ru
Trog
Vehumet
Xom
Zin

Shops:
D:5 [   D:7 :


Innate Abilities, Weirdness & Mutations

You are too large for most types of armour.
You have claws for hands.
You are dopey. (Int -2)
Your metabolism is lightning-fast.
You like to eat raw meat.
You heal very quickly.
You are covered in fur (AC +1).
You have very tough skin (AC +2).
You are weak. (Str -2)
You cannot train your Armour skill.
Your casting is slightly disrupted.


Message History

The phantom blinks!
The orc warrior hits you with a halberd!
* * * LOW HITPOINT WARNING * * *
You scratch the orc warrior but do no damage.
Your claw misses the orc warrior. The crimson imp closely misses you.
You scratch the orc warrior but do no damage.
The orc warrior barely misses you. The crimson imp barely misses you.
You scratch the orc warrior but do no damage.
The orc warrior hits you with a halberd.
* * * LOW HITPOINT WARNING * * *
The orc warrior is illuminated in retribution by your will!
You claw the orc warrior!
The orc warrior begins to bleed from its wounds!
The orc warrior is severely wounded.
The crimson imp hits you but does no damage.
You claw the orc warrior! Your claw misses the orc warrior.
The orc warrior is almost dead.
The crimson imp hits you but does no damage.
The orc warrior hits you with a halberd!
You die...

#......#...# #...
#.####.#.### #...
#.# #...# #### #.#
############# #.#
#....... #.#
#...#... #W#
#...##.. #5#
+...##.. #@#
#...#### #o# #...#
# #.# #...# .
#.###### #...# ..
#......####...#...
###.o....##...W5..
##.....##.oo#...
#......#...# ..
###........# .


You could see a phantom, an orc warrior (bleeding) and a crimson imp.

Vanquished Creatures
  The ghost of hackum the Cleaver, an experienced FoFi of Gozag (D:9)
  A two-headed ogre (D:8)
  2 wyverns
  3 yaks (D:6)
  A deep elf mage (D:10)
  A human (D:7)
  3 hungry ghosts
  2 hippogriffs
  3 orc warriors
  An ice beast (D:9)
  3 sky beasts
  4 ogres
  3 centaurs
  A gnoll sergeant (D:6)
  4 giant frogs
  A scorpion (D:3)
  A water moccasin skeleton (D:7)
  A killer bee (D:10)
  A quasit (D:6)
  A goliath beetle (D:10)
  A giant frog zombie (D:5)
  5 crimson imps
  7 gnoll shamans
  2 hounds
  A centaur zombie (D:8)
  8 orc wizards
  5 orc priests
  2 jellies
  3 iguanas
  3 worker ants
  4 sheep (D:7)
  43 gnolls
  19 adders
  2 shadow imps
  A worm (D:3)
  An adder zombie (D:7)
  An ooze (D:1)
  28 orcs
  9 giant cockroaches
  17 goblins
  7 hobgoblins
  21 jackals
  15 kobolds
  A quokka (D:8)
  A ball python (D:3)
  14 bats
  4 giant geckos
  A giant newt (D:5)
  A quokka zombie (D:8)
  15 rats
280 creatures vanquished.

Notes
Turn   | Place    | Note
--------------------------------------------------------------
     0 | D:1      | Fusha, the Troll Gladiator, began the quest for the Orb.
     0 | D:1      | Reached XP level 1. HP: 19/19 MP: 1/1
   204 | D:1      | Reached XP level 2. HP: 28/28 MP: 1/1
   598 | D:1      | Reached XP level 3. HP: 35/35 MP: 2/2
   759 | D:2      | Found a glowing silver altar of Zin.
   858 | D:2      | Found an iron altar of Okawaru.
   980 | D:2      | Reached skill level 4 in Unarmed Combat
   980 | D:2      | Reached XP level 4. HP: 42/42 MP: 2/2
  1165 | D:2      | Found a sacrificial altar of Ru.
  1174 | D:2      | Became a worshipper of Ru the Awakened
  1561 | D:3      | Reached XP level 5. HP: 38/50 MP: 2/2
  2047 | D:3      | Reached skill level 5 in Unarmed Combat
  2065 | D:3      | Reached XP level 6. HP: 19/59 MP: 3/3
  2708 | D:3      | Reached XP level 7. HP: 67/67 MP: 3/3
  2843 | D:3      | Noticed an ogre
  2936 | D:3      | Reached skill level 6 in Unarmed Combat
  3032 | D:3      | Gained mutation: You cannot train your Armour skill. [Ru sacrifice]
  3032 | D:3      | Acquired Ru's first power
  3093 | D:3      | Killed an ogre
  3655 | D:4      | Reached XP level 8. HP: 76/76 MP: 3/3
  4172 | D:5      | Entered Level 5 of the Dungeon
  4324 | D:5      | Found a sparkling altar of Nemelex Xobeh.
  4337 | D:5      | Found Treuc's Antique Armour Shoppe.
  4344 | D:5      | Bought a glowing cloak for 112 gold pieces
  4344 | D:5      | Bought a runed robe for 17 gold pieces
  4388 | D:5      | Reached skill level 7 in Unarmed Combat
  4884 | D:5      | Found a staircase to the Ecumenical Temple.
  5126 | D:6      | Reached skill level 5 in Throwing
  5233 | D:6      | Reached skill level 8 in Unarmed Combat
  5383 | D:6      | Reached XP level 9. HP: 85/85 MP: 4/4
  5397 | D:6      | Gained mutation: Your casting is slightly disrupted. [Ru sacrifice]
  5397 | D:6      | Acquired Ru's second power
  5643 | D:6      | Reached skill level 5 in Dodging
  6237 | D:7      | Reached skill level 5 in Fighting
  6237 | D:7      | Reached skill level 9 in Unarmed Combat
  6534 | D:7      | Found Gumiofipp's Book Boutique.
  6711 | D:7      | Found a white marble altar of Elyvilon.
  6918 | D:7      | Found a stormy altar of Qazlal.
  7033 | D:8      | Gained mutation: You are dopey. (Int -2) [Ru sacrifice]
  7216 | D:8      | Found an iron altar of Okawaru.
  7303 | D:8      | Reached XP level 10. HP: 96/96 MP: 4/4
  7842 | D:8      | Found a burning altar of Makhleb.
  7842 | D:8      | Found a radiant altar of Vehumet.
  8148 | D:8      | Reached skill level 10 in Unarmed Combat
  8371 | D:9      | Noticed hackum's ghost (experienced FoFi)
  8401 | D:9      | Killed hackum's ghost
  8548 | D:9      | Found a bloodstained altar of Trog.
  8744 | D:9      | Found a shimmering altar of Xom.
  8993 | D:10     | Entered Level 10 of the Dungeon
  9068 | D:10     | Gained mutation: You are weak. (Str -2) [Ru sacrifice]
  9338 | D:10     | Slain by an orc warrior

Action                   |  1- 3 |  4- 6 |  7- 9 | 10-12 || total
-------------------------+-------+-------+-------+-------++-------
Melee: Unarmed           |    89 |   165 |   478 |   140 ||   872
Throw: Throwing net      |       |       |     1 |     3 ||     4
Invok: Sacrifice Durabil |       |       |     1 |       ||     1
       Sacrifice Purity  |       |       |     1 |     1 ||     2
       Sacrifice Essence |       |       |     1 |       ||     1
  Use: Scroll            |       |     3 |     7 |       ||    10
       Potion            |       |     1 |       |     3 ||     4
 Stab: Held in net/web   |       |       |     1 |       ||     1
       Distracted        |       |       |       |     1 ||     1
  Eat: Chunk             |    14 |    16 |    43 |    14 ||    87
